 Dungeon Crawl Stone Soup version 0.25.0-41-g26779e291d (webtiles) character file.

Game seed: 7380179646407986059

4862 wojtek the Blocker (level 10, -4/88 HPs)
             Began as a Minotaur Fighter on July 10, 2020.
             Was an Elder of Okawaru.
             Slain by a wight
             ... wielding a cursed +0 great sword
              (6 damage)
             ... while paralysed by a hornet
             ... on level 9 of the Dungeon.
             The game lasted 00:10:49 (9943 turns).

wojtek the Blocker (Minotaur Fighter)               Turns: 9943, Time: 00:10:50

Health: -4/88      AC: 11    Str: 25    XL:     10   Next: 26%
Magic:  14/14      EV:  2    Int:  5    God:    Okawaru [****..]
Gold:   552        SH:  0    Dex:  9    Spells: 9/9 levels left

rFire    . . .     SeeInvis .   a - +1 war axe (flame)
rCold    . . .     Gourm    .   c - +0 kite shield
rNeg     . . .     Faith    .   n - +0 chain mail
rPois    .         Spirit   .   (helmet restricted)
rElec    .         Reflect  .   (no cloak)
rCorr    .         Harm     .   (no gloves)
MR       .....                  H - +0 pair of boots
Stlth    ..........             e - amulet of the acrobat
HPRegen  0.24/turn              (no ring)
MPRegen  0.14/turn              (no ring)

@: paralysed, slowed, drained
A: retaliatory headbutt, horns 2
a: Heroism, Renounce Religion


You were on level 9 of the Dungeon.
You worshipped Okawaru.
Okawaru was greatly pleased with you.
You were not hungry.

You visited 2 branches of the dungeon, and saw 10 of its levels.
You also visited: Ossuary.

You collected 552 gold pieces.

Inventory:

Hand Weapons
 a - a +1 war axe of flaming (weapon)
 E - a +5 battleaxe of flaming
 F - the +2 morningstar of Ummo {vorpal, rElec}
   (You found it on level 6 of the Dungeon)

   It inflicts extra damage upon your enemies.
   It insulates you from electricity.
Armour
 c - a +0 kite shield (worn)
 n - a +0 chain mail (worn)
 r - a +0 tower shield
 H - a +0 pair of boots (worn)
Jewellery
 e - an amulet of the acrobat (around neck)
 G - an uncursed ring of fire
Wands
 q - a wand of acid (8)
 x - a wand of paralysis (16)
 I - a wand of disintegration (12)
 J - a wand of polymorph (6)
 K - a wand of digging (6)
 L - a wand of flame (18)
Scrolls
 b - 2 scrolls of magic mapping {unknown}
 g - a scroll of blinking {unknown}
 h - a scroll of fog {unknown}
 i - 4 scrolls of identify
 p - a scroll of teleportation {unknown}
 u - 2 scrolls of remove curse
 w - a scroll of enchant armour {unknown}
 A - 2 scrolls of torment {unknown}
 B - 2 scrolls of fear {unknown}
 D - a scroll of vulnerability {unknown}
Potions
 d - 2 potions of might
 j - 4 potions of degeneration {unknown}
 k - 2 potions of stabbing {unknown}
 l - a potion of ambrosia {unknown}
 m - 4 potions of curing
 o - 3 potions of haste {unknown}
 s - 2 potions of magic {unknown}
 t - 2 potions of invisibility {unknown}
 v - a potion of resistance
 z - 2 potions of flight {unknown}
 C - 5 potions of heal wounds {unknown}
Comestibles
 f - 13 rations


   Skills:
 + Level 8.0(7.4) Fighting
 + Level 7.6(6.9) Axes
 + Level 7.9(7.3) Armour
 + Level 2.6(2.1) Dodging
 + Level 8.2(7.5) Shields
 * Level 7.2(6.5) Invocations
 + Level 4.3(3.7) Evocations


You had 9 spell levels left.
You didn't know any spells.
Your spell library contained the following spells:

 Spells                   Type           Power        Failure   Level  Hunger
 Freeze                   Ice            #...         100%        1    ##.....
 Confusing Touch          Hex            #.......     100%        3    ####...
 Frozen Ramparts          Ice            #.....       100%        3    ####...
 Gell's Gravitas          Tloc           #.........   100%        3    ####...
 Ozocubu's Armour         Chrm/Ice       #.......     100%        3    ####...
 Hailstorm                Conj/Ice       #.......     100%        4    #####..
 Petrify                  Tmut/Erth      #.......     100%        4    #####..
 Summon Ice Beast         Ice/Summ       #.......     100%        4    #####..
 Metabolic Englaciation   Hex/Ice        #.........   100%        5    ######.
 Yara's Violent Unravell  Hex/Tmut       #.........   100%        5    ######.


Dungeon Overview and Level Annotations

Branches:
Dungeon (9/15)             Temple (1/1) D:4            Lair (0/6) D:8
Ossuary (visited)
    Orc: D:9-12

Altars:
Ashenzari
Cheibriados
Dithmenos
Elyvilon
Fedhas
Gozag
Hepliaklqana
Kikubaaqudgha
Makhleb
Nemelex Xobeh
Okawaru
Qazlal
Ru
Sif Muna
Trog
Uskayaw
Vehumet
Wu Jian
Xom
Yredelemnul
Zin
The Shining One

Shops:
D:4 [   D:8 %

Annotations:
D:4 1 runed translucent door, mortelune's ghost, amateur DsCK
D:5 2 runed translucent doors, NebNelluc's ghost, novice HuFi


Innate Abilities, Weirdness & Mutations

You reflexively headbutt those who attack you in melee.
You have a pair of horns on your head.


Message History

a +3 morningstar; a +0 robe Unknown command.
Unknown command.
It was a potion of curing.
You feel better. You block the hornet's attack.
The wight hits you but does no damage. The hornet stings you.
* * * LOW HITPOINT WARNING * * *
You suddenly lose the ability to move!
The hornet stings you but does no damage.
The wight hits you with a cursed +0 great sword.
* * * LOW HITPOINT WARNING * * *
You feel drained.
* * * LOW HITPOINT WARNING * * *
The hornet stings you.
* * * LOW HITPOINT WARNING * * *
You feel as though you will be slow longer.
The hornet stings you.
* * * LOW HITPOINT WARNING * * *
You feel as though you will be slow longer.
The wight hits you with a cursed +0 great sword.
You die...

.......
.....y.....
..........
...........
..........
..........
#'######.........
#...@y.'.........
#....z.#.........
#......#.........
#...####.........
#...#....<..#####
.....+.......#
.##...#.......#
#...#.......#
#.......#


You could see a hornet and a wight.

Vanquished Creatures
  Pikel (D:5)
  2 komodo dragons (D:8)
  Grinder (D:5)
  A basilisk (D:8)
  2 wyverns (D:8)
  An acid dragon (D:8)
  A sky beast (D:7)
  Duvessa (D:3)
  4 orc warriors
  A slave (D:5)
  A black bear (D:8)
  An ice beast (D:9)
  3 ogres
  A phantom (D:8)
  3 centaurs
  2 big kobolds
  An elf zombie (Ossuary)
  2 bullfrogs
  Dowan (D:3)
  2 scorpions (D:6)
  A wight (D:9)
  A howler monkey (D:6)
  A crimson imp (D:8)
  A bullfrog zombie (D:6)
  7 hounds
  A jelly (D:8)
  2 orc priests (D:3)
  3 bullfrog skeletons
  2 human zombies (Ossuary)
  6 orc wizards
  An iguana (D:3)
  Terence (D:3)
  Natasha (thrice) (D:4)
  7 worker ants
  3 big kobold zombies (Ossuary)
  2 mummies (Ossuary)
  6 adders
  4 gnolls (D:6)
  A shadow imp (D:7)
  3 worms
  6 leopard geckos
  29 orcs
  7 giant cockroaches
  10 hobgoblins
  7 jackals
  2 quokkas
  2 ball pythons
  7 bats
  6 frilled lizards
  12 goblins
  A goblin zombie (Ossuary)
  8 hobgoblin zombies (Ossuary)
  A jackal skeleton (D:8)
  16 kobolds
  7 kobold zombies (Ossuary)
  2 leopard gecko skeletons
  11 orc zombies (Ossuary)
  9 rats
  4 rat zombies (Ossuary)
235 creatures vanquished.

Vanquished Creatures (others)
  A slave (D:5)
  An orc priest (D:5)
  3 orcs (D:5)
  A bush (D:5)
6 creatures vanquished.

Grand Total: 241 creatures vanquished

Notes
Turn   | Place    | Note
-------+----------+-------------------------------------------
     0 | D:1      | wojtek the Minotaur Fighter began the quest for the Orb.
     0 | D:1      | Reached XP level 1. HP: 19/19 MP: 0/0
   350 | D:1      | Reached XP level 2. HP: 26/26 MP: 1/1
   915 | D:2      | Reached XP level 3. HP: 31/31 MP: 2/2
  1910 | D:3      | Reached skill level 5 in Axes
  2058 | D:3      | Reached XP level 4. HP: 20/39 MP: 3/3
  2065 | D:3      | Reached XP level 5. HP: 18/45 MP: 4/4
  2281 | D:3      | Noticed Terence
  2286 | D:3      | Killed Terence
  2532 | D:4      | Found a runed translucent door.
  2536 | D:4      | Noticed Natasha
  2546 | D:4      | Killed Natasha
  2681 | D:4      | Noticed Duvessa
  2681 | D:4      | Noticed Dowan
  2681 | D:4      | Noticed an ogre
  2712 | D:3      | Killed an ogre
  2712 | D:3      | Reached XP level 6. HP: 39/52 MP: 5/5
  3180 | D:3      | Killed Duvessa
  3458 | D:3      | Killed Dowan
  3468 | D:4      | Reached skill level 5 in Fighting
  3514 | D:4      | Reached skill level 5 in Armour
  3514 | D:4      | Reached XP level 7. HP: 61/61 MP: 6/6
  3518 | D:4      | Reached skill level 5 in Shields
  3526 | D:4      | Noticed Natasha
  3533 | D:4      | Killed Natasha
  3557 | D:4      | Found Bivvis's Antique Armour Shoppe.
  3573 | D:4      | Found a staircase to the Ecumenical Temple.
  3583 | Temple   | Entered the Ecumenical Temple
  3717 | Temple   | Became a worshipper of Warmaster Okawaru
  3956 | D:4      | Reached skill level 1 in Invocations
  4009 | D:4      | Noticed Natasha
  4014 | D:4      | Killed Natasha
  4072 | D:4      | Reached skill level 1 in Evocations
  4348 | D:4      | Noticed mortelune's ghost (amateur DsCK)
  4416 | D:5      | Entered Level 5 of the Dungeon
  4472 | D:5      | Found a large runed translucent door.
  4472 | D:5      | Found a large runed translucent door.
  4473 | D:5      | Noticed NebNelluc's ghost (novice HuFi)
  4473 | D:5      | Noticed Grinder
  4482 | D:5      | Paralysed by Grinder for 3 turns
  4488 | D:5      | Killed Grinder
  4488 | D:5      | Reached * piety under Okawaru
  4488 | D:5      | Reached XP level 8. HP: 41/70 MP: 7/9
  4854 | D:5      | Found a blossoming altar of Fedhas.
  5236 | D:5      | Noticed Pikel
  5248 | D:5      | Killed Pikel
  5758 | D:6      | Reached ** piety under Okawaru
  5799 | D:6      | Reached XP level 9. HP: 62/78 MP: 11/11
  5831 | D:6      | Found a sand-covered staircase.
  5840 | D:6      | Reached skill level 5 in Invocations
  5849 | Ossuary  | Entered an ossuary
  6484 | D:6      | Found a shattered altar of Ashenzari.
  6531 | D:6      | Got a scorched morningstar
  6532 | D:6      | Identified the +2 morningstar of Ummo {vorpal, rElec} (You
                  | found it on level 6 of the Dungeon)
  7039 | D:7      | Reached *** piety under Okawaru
  7999 | D:8      | Found Gaomieg Myde's Food Boutique.
  8235 | D:8      | Reached skill level 1 in Dodging
  8246 | D:8      | Found a burning altar of Makhleb.
  8724 | D:8      | Noticed a komodo dragon
  8741 | D:8      | Killed a komodo dragon
  8741 | D:8      | Reached **** piety under Okawaru
  8741 | D:8      | Reached XP level 10. HP: 7/88 MP: 14/14
  9662 | D:8      | Found a staircase to the Lair.
  9936 | D:9      | Paralysed by a hornet for 3 turns
  9941 | D:9      | Paralysed by a hornet for 3 turns
  9943 | D:9      | HP: 4/88 [hornet (6)]
  9943 | D:9      | Slain by a wight

Illustrated notes

Levels and vault maps discovered:
D:1:      psy_arrival_conway, layout_basic, grunt_decor_mini_mirrors,
          st_stairs_14, minivault_26, minivault_25
D:2:      layout_loops_corners, serial_glass, glass_columns_a, glass_columns_a,
          glass_columns_a, glass_columns_b, minivault_14
D:3:      minmay_diamond_boxcup, layout_rooms, uniq_terence
D:4:      cheibrodos_thug_alley, layout_cave_pools,
          minmay_temple_entry_nine_rooms, serial_shops, nicolae_shop_crystal,
          ebering_ghost_reflecting_pool, minivault_14,
          chequers_serial_rivers_large_a, st_stairs_13, uniq_duvessa,
          uniq_natasha
D:5:      layout_gridville, first_ration, ebering_ghost_disaster_area,
          fedhas_bush_and_centaur_altar, uniq_pikel, uniq_grinder
D:6:      layout_rooms, lemuel_crystal_altar, serial_glass, glass_columns_c,
          glass_columns_a, enter_ossuary_1
D:7:      layout_loops_corners
D:8:      layout_loops_ring, lemuel_crystal_altar, erik_lair_dragon,
          serial_shops, nicolae_shop_waterfront
D:9:      layout_gridville, uniq_gastronok, uniq_erica
Temple:   regret_index_temple_chain_breaker

Skill      XL: |  1  2  3  4  5  6  7  8  9 10 |
---------------+-------------------------------+-----
Axes           | 3 4 5 6 7 |  7.6
Fighting       | 4 5 6 7 8 |  8.0
Armour         | 4 5 6 7 |  7.9
Shields        | 4 5 6 7 8 |  8.2
Invocations    | 2 4 6 7 |  7.2
Evocations     | 1 2 4 |  4.3
Dodging        | 2 |  2.6

Action                   |  1- 3 |  4- 6 |  7- 9 | 10-12 || total
-------------------------+-------+-------+-------+-------++-------
Melee: War axe           |   113 |    73 |   375 |    51 ||   612
       Headbutt          |    10 |    19 |    70 |    12 ||   111
  Use: Scroll            |       |       |       |     2 ||     2
       Potion            |       |       |       |     1 ||     1
  Eat: Chunk             |     4 |     3 |    13 |     2 ||    22
       Ration            |       |       |     1 |     1 ||     2
Armor: Scale mail        |    26 |       |       |       ||    26
       Chain mail        |    30 |    38 |   126 |    15 ||   209
Dodge: Dodged            |    35 |    13 |    93 |    18 ||   159
Block: Kite shield       |    61 |    37 |   204 |    25 ||   327
